 Dungeon Crawl Stone Soup version 0.20.0-15-g7f486f2 (webtiles) character file.

90 Chiseanne the Magician (level 4, 30/30 HPs)
             Began as a Demonspawn Wizard on June 15, 2017.
             Was an Initiate of Vehumet.
             Quit the game on level 3 of the Dungeon.
             The game lasted 00:04:11 (2893 turns).

Chiseanne the Magician (Demonspawn Wizard)          Turns: 2893, Time: 00:04:11

Health: 30/30      AC:  2    Str:  7    XL:     4   Next: 32%
Magic:  10/10      EV: 12    Int: 20    God:    Vehumet [......]
Gold:   88         SH:  0    Dex: 12    Spells: 2/11 levels left

rFire    . . .     SeeInvis .   a - +1 dagger
rCold    . . .     Gourm    .   (no shield)
rNeg     . . .     Faith    .   j - +0 robe
rPois    .         Spirit   .   b - +0 hat
rElec    .         Reflect  .   (no cloak)
rCorr    .         Harm     .   (no gloves)
MR       .....                  (no boots)
Stlth    ++........             (no amulet)
Regen    0.1/turn               (no ring)
MPRegen  0.2/turn               (no ring)

@: no status effects
A: sturdy frame 1
a: Renounce Religion


You were on level 3 of the Dungeon.
You worshipped Vehumet.
Vehumet was noncommittal.
You were not hungry.

You visited 1 branch of the dungeon, and saw 3 of its levels.

You collected 88 gold pieces.

Inventory:

Hand Weapons
 a - a +1 dagger (weapon)
Missiles
 e - 18 arrows
 l - 38 stones (quivered)
Armour
 b - a +0 hat (worn)
 j - a +0 robe (worn)
Potions
 f - 2 potions of curing
 k - 2 potions of might
 m - a potion of haste {unknown}
Comestibles
 c - 4 fruits
 d - 3 bread rations
 g - a meat ration


   Skills:
 - Level 1.7 Dodging
 - Level 1.7 Stealth
 * Level 4.2 Spellcasting
 * Level 2.7 Conjurations
   Level 1.0 Summonings
 - Level 0.8 Translocations


You had 2 spell levels left.
You knew the following spells:

 Your Spells              Type           Power        Failure   Level  Hunger
a - Magic Dart            Conj           ###.         4%          1    None
b - Blink                 Tloc           N/A          13%         2    #......
c - Conjure Flame         Conj/Fire      #.......     22%         3    ###....
d - Mephitic Cloud        Conj/Pois/Air  #.......     26%         3    ###....


Dungeon Overview and Level Annotations

Branches:
Dungeon (3/15)

Altars:
Elyvilon
Gozag
Nemelex Xobeh
Vehumet

Annotations:
D:3 Glitchraptor's ghost, amateur DECj


Innate Abilities, Weirdness & Mutations

Your movements are slightly less encumbered by armour. (ER -2)


Message History

Aiming: Magic Dart
Press: ? - help, Shift-Dir - straight line, f/p - quokka
Aim: a quokka (almost dead)
The magic dart hits the quokka.
You kill the quokka!
Vehumet accepts your kill.
Casting: Magic Dart
Confirm with . or Enter, or press ? or * to list all spells.
Aiming: Magic Dart
Press: ? - help, Shift-Dir - straight line, f - you That beam is likely to hit you.
Continue anyway?
Okay, then.
All of the chunks of flesh in your inventory have rotted away.
Found 5 large rocks.
You see here 5 large rocks.
You now have 88 gold pieces (gained 14).
You open the door.
There is an open door here.
Glitchraptor's ghost (amateur Deep Elf Conjurer) comes into view.
It is wielding a vampiric weapon.
Are you sure you want to abandon this character and quit the game? (Confirm with "yes".)

........#
#.......##..#
........#
#.......#####
........#
#.......#
####....#
#.......# ######
#.......#
#.......#
########.......#
..........#+####
....$..@..#
..........#
W.........#
....(.....#
..........#
..........#
..........#
..........#


You could see Glitchraptor's ghost (wandering).

Vanquished Creatures
  4 adders
  An ooze (D:1)
  A worm (D:2)
  2 leopard geckos (D:2)
  2 bats
  4 giant cockroaches
  5 goblins
  5 hobgoblins (D:2)
  5 jackals
  A quokka (D:3)
  3 frilled lizards
  5 kobolds
  5 rats
43 creatures vanquished.

Notes
Turn   | Place    | Note
-------+----------+-------------------------------------------
     0 | D:1      | Chiseanne the Demonspawn Wizard began the quest for the Orb.
     0 | D:1      | Reached XP level 1. HP: 13/13 MP: 4/4
   460 | D:1      | Gained mutation: Your movements are slightly less encumbered by armour. (ER -2) [demonic ancestry]
   460 | D:1      | Reached XP level 2. HP: 13/19 MP: 0/6
   942 | D:1      | Reached XP level 3. HP: 23/24 MP: 1/8
  1039 | D:2      | Learned a level 2 spell: Blink
  1043 | D:2      | Learned a level 3 spell: Conjure Flame
  1047 | D:2      | Learned a level 3 spell: Mephitic Cloud
  1088 | D:2      | Found a radiant altar of Vehumet.
  1231 | D:2      | Became a worshipper of Vehumet
  1753 | D:2      | Reached skill level 4 in Spellcasting
  1958 | D:2      | Reached XP level 4. HP: 30/30 MP: 6/10
  2053 | D:2      | Found a white marble altar of Elyvilon.
  2409 | D:2      | Found a sparkling altar of Nemelex Xobeh.
  2409 | D:2      | Found an opulent altar of Gozag.
  2892 | D:3      | Noticed Glitchraptor's ghost (amateur DECj)
  2893 | D:3      | Quit the game

Skill      XL: |  1  2  3 |
---------------+----------+-----
Conjurations   | 2 |  2.7
Spellcasting   | 4 |  4.2
Dodging        | |  1.7
Stealth        | |  1.7
Summonings     | |  1.0
Translocations | |  0.8

Action                   |  1- 3 |  4- 6 || total
-------------------------+-------+-------++-------
Melee: Dagger            |    41 |       ||    41
 Cast: Magic Dart        |    91 |    31 ||   122
  Use: Scroll            |     4 |     2 ||     6
  Eat: Chunk             |     3 |     3 ||     6
Armor: Robe              |    11 |     1 ||    12
Dodge: Dodged            |    44 |     3 ||    47
